 Dungeon Crawl Stone Soup version 0.23-a0-393-g6e9e0f2070 (webtiles) character file.

5 PikkenKukken the Insei (level 1, -1/15 HPs)
             Began as a Demonspawn Transmuter on Oct 31, 2018.
             Slain by a leopard gecko (5 damage)
             ... on level 1 of the Dungeon.
             The game lasted 00:00:37 (128 turns).

PikkenKukken the Insei (Demonspawn Transmuter)       Turns: 128, Time: 00:00:38

Health: -1/15      AC:  3    Str: 10    XL:     1   Next: 66%
Magic:  2/3        EV: 12    Int: 14    God:
Gold:   14         SH:  0    Dex: 13    Spells: 3/4 levels left

rFire    . . .     SeeInvis .     - Unarmed
rCold    . . .     Gourm    .   (no shield)
rNeg     . . .     Faith    .   b - +0 robe
rPois    .         Spirit   .   (no helmet)
rElec    .         Reflect  .   (no cloak)
rCorr    .         Harm     .   (no gloves)
MR       .....                  e - +0 pair of boots
Stlth    +.........             (no amulet)
HPRegen  0.05/turn              (no ring)
MPRegen  0.08/turn              (no ring)

@: appendage
A: horns 2
a: End Transformation


You were on level 1 of the Dungeon.
You were not hungry.
You had grown temporary horns.
You visited 1 branch of the dungeon, and saw 1 of its levels.

You collected 14 gold pieces.

Inventory:

Missiles
 a - 12 arrows
 c - 19 stones (quivered)
Armour
 b - a +0 robe (worn)
 e - a +0 pair of boots (worn)
Scrolls
 f - a scroll of identify {unknown}
Potions
 g - a potion of curing {unknown}
Comestibles
 d - a ration
 h - 2 chunks of flesh


   Skills:
 - Level 1.0 Fighting
 + Level 1.9 Dodging
 * Level 2.9 Unarmed Combat
 - Level 2.0 Spellcasting
 + Level 1.9 Transmutations


You had 3 spell levels left.
You knew the following spells:

 Your Spells              Type           Power        Failure   Level  Hunger
a - Beastly Appendage     Tmut           #.....       11%         1    ##.....

Your spell library contained the following spells:

 Spells                   Type           Power        Failure   Level  Hunger
 Sticks to Snakes         Tmut           #.......     16%         2    ###....
 Spider Form              Tmut/Pois      #.........   43%         3    ####...
 Ice Form                 Ice/Tmut       #.......     85%         4    #####..
 Blade Hands              Tmut           #.........   96%         5    ######.


Dungeon Overview and Level Annotations

Branches:
Dungeon (1/15)

Altars:


Innate Abilities, Weirdness & Mutations

You have a pair of horns on your head.


Message History

The kobold shouts!
Things that are here:
a +3 short sword; a +0 dagger Your magical contamination has completely faded away.
Found a scroll labeled GENKI ONIED.
Casting: Beastly Appendage (safe; 11% risk of failure)
Confirm with . or Enter, or press ? or * to list all spells.
You grow a pair of large bovine horns.
You miss the leopard gecko. The leopard gecko bites you.
* * * LOW HITPOINT WARNING * * *
You hit the leopard gecko.
The leopard gecko is moderately wounded.
The leopard gecko barely misses you.
You closely miss the leopard gecko.
The leopard gecko is moderately wounded.
The leopard gecko barely misses you.
You closely miss the leopard gecko.
The leopard gecko is moderately wounded.
The leopard gecko bites you.
You die...

##........
...?...#
##.........
....#.#
##........##
.....#
#.......#### ....#
##......###.. ...#
#.......##... ..#
##......###..# #[#
#.......##..## #@#
#......###..##
#l###...(..###...#
#K##........##....
#.##........###...
#.##........# ##..
#.##..รท.....# ###
#)#....>.....#
#.#..........#
#.......####...


You could see a leopard gecko and a kobold.

Vanquished Creatures
  2 leopard geckos (D:1)
  A goblin (D:1)
  A kobold (D:1)
4 creatures vanquished.

Notes
Turn   | Place    | Note
-------+----------+-------------------------------------------
     0 | D:1      | PikkenKukken the Demonspawn Transmuter began the quest for
                  | the Orb.
     0 | D:1      | Reached XP level 1. HP: 15/15 MP: 3/3
   128 | D:1      | Slain by a leopard gecko

Vault maps used:
D:1:      dpeg_arrival_snail

Action                   || total
-------------------------++-------
Melee: Unarmed           ||    22
       Punch             ||     1
 Cast: Beastly Appendage ||     2
Armor: Robe              ||     7
Dodge: Dodged            ||     8

Table legend:
 A = Non-vault XP
 B = Vault XP
 C = Vault XP percentage of total XP
 D = Non-vault monster count
 E = Vault monster count
 F = Vault count percentage of total count
                 A         B        C        D         E       F
            +---------+---------+-------+---------+---------+-------
      Total |       8 |       0 |   0.0 |       4 |       0 |   0.0
            +---------+---------+-------+---------+---------+-------
        D:1 |       8 |       0 |   0.0 |       4 |       0 |   0.0
            +---------+---------+-------+---------+---------+-------
